AoeStats
← El oso rulo

Arabia

509416366Analyzed
1v1 RM · 7d ago on Sep 26, 2026· 24m 16s· 2 players
Game mode
Random Map
Map size
Tiny (2 player)
Population
200
Speed
Normal
Resources
Standard
Victory
Conquest
Starting age
Dark Age
Ending age
Imperial Age
RankedLock teamsTeams togetherTeam positionsShared explorationLock speedFull tech treeHidden civsTurbo modeCheats
Victory
Defeat
🇦🇷 Khmer · Argentina
1014
+15
🇦🇷 Aztecs · Argentina
995
-15
RAMIRO MARRA
6:02 Loom
8:25 Feudal Age
14:26 Town Watch
18:50 Castle Age
19:30 Forging
19:20 Scale Mail Armor
19:36 Double-Bit Axe
20:51 Horse Collar
El oso rulo
2:03 Loom
10:26 Feudal Age
11:08 Double-Bit Axe
11:39 Town Watch
12:19 Town Watch
12:35 Town Watch
13:15 Town Watch
13:23 Town Watch
13:56 Town Watch
14:09 Town Watch
14:52 Bloodlines
15:04 Town Watch
15:30 Town Watch
15:50 Town Watch
20:57 Castle Age
18:53 Horse Collar
21:39 Scale Barding Armor
21:45 Forging
21:02 Light Cavalry
21:43 Husbandry
21:44 Town Patrol
23:21 Chain Barding Armor
Connection lost

Rejoining the realm…

Still unreachable

The connection could not be restored.

Session expired

The server has moved on; the page needs a fresh start.